 Dungeon Crawl Stone Soup version 0.27-a0-1301-g128193abf8 (webtiles) character file.

Game seed: 14141248132584495711

1074 spiderkeys the Ruffian (level 8, -3/78 HPs)
             Began as a Troll Abyssal Knight on June 18, 2021.
             Was a Priest of Lugonu.
             Slain by an ice beast (11 damage)
             ... on level 5 of the Dungeon.
             The game lasted 00:04:54 (2955 turns).

spiderkeys the Ruffian (Troll Abyssal Knight)       Turns: 2955, Time: 00:04:55

Health: -3/78      AC:  5    Str: 23    XL:     8   Next: 7%
Magic:  10/10      EV: 10    Int: 10    God:    Lugonu [***...]
Gold:   171        SH:  0    Dex:  9    Spells: 7/7 levels left

rFire    . . .     SeeInvis .     - Unarmed
rCold    . . .     Faith    +   (no shield)
rNeg     . . .     Spirit   .   a - +0 robe
rPois    +         Reflect  .   (helmet restricted)
rElec    .         Harm     .   i - +0 cloak
rCorr    .         Rampage  .   (gloves unavailable)
Will     .....     Clarity  +   (boots unavailable)
Stlth    +.........             T - amulet of faith {!P}
HPRegen  1.23/turn              (no ring)
MPRegen  0.12/turn              (no ring)

@: flying
A: large, unfitting armour, claws 3, regeneration 1, shaggy fur 1, tough skin 1,
clarity, clever 1, poison resistance, MP-powered wands
a: Renounce Religion, Depart the Abyss, Bend Space, Banish


You were on level 5 of the Dungeon.
You worshipped Lugonu.
Lugonu was most pleased with you.
You visited 1 branch of the dungeon, and saw 5 of its levels.
You visited the Abyss 1 time.

You collected 171 gold pieces.


Innate Abilities, Weirdness & Mutations

You are too large for most types of armour.
You have claws for hands.
Your natural rate of healing is unusually fast.
You are covered in fur. (AC +1)
You have tough skin. (AC +1)
You possess an exceptional clarity of mind.
Your mind is acute. (Int +2)
Your system is resistant to poisons. (rPois)
You expend magic power (3 MP) to strengthen your wands.


   Skills:
 + Level 4.2 Fighting
 + Level 3.2 Armour
 + Level 4.0 Dodging
 + Level 4.5 Unarmed Combat
 + Level 4.1 Invocations


You had 7 spell levels left.
You didn't know any spells.
Your spell library contained the following spells:

 Spells                   Type           Power      Damage    Failure   Level
 Beastly Appendage        Tmut           0%         N/A       36%         1
 Wereblood                Tmut           0%         N/A       50%         2
 Spider Form              Tmut/Pois      0%         N/A       75%         3
 Ice Form                 Ice/Tmut       0%         N/A       98%         4

Inventory:

Missiles
 b - 183 stones
 d - 29 poisoned darts
 e - 19 bolts
 n - 18 sling bullets
 q - 26 arrows
Armour
 a - a +0 robe (worn)
 i - a +0 cloak (worn)
   (You found it on level 2 of the Dungeon)
Jewellery
 T - an amulet of faith (around neck) {!P}
   (You found it on level 3 of the Dungeon)
Wands
 g - a wand of flame (14)
   (You found it on level 2 of the Dungeon)
 l - a wand of digging (2)
   (You took it off Natasha on level 2 of the Dungeon)
 m - a wand of acid (13)
   (You found it on level 4 of the Dungeon)
 s - a wand of iceblast (6)
   (You found it on level 5 of the Dungeon)
Scrolls
 c - 2 scrolls of immolation {!r!r}
 f - a scroll of holy word
 h - a scroll of vulnerability {!r!r}
 o - a scroll of summoning
 p - a scroll of blinking {!r}
 r - a scroll of identify {@r1}
Potions
 j - a potion of might

Dungeon Overview and Level Annotations

Branches:
Dungeon (5/15)
 Temple: D:4-7

Altars:
Hepliaklqana
Ru
The Shining One

Annotations:
D:5 Menkaure

#.............# .. #.
###........†..## . #.
#................
##.###.................
.........................
.........#..l$.....#.....
.........####............
..M.Y.(..# #...###..##...
.....l..## #...#@#..
.......##.....#Y♣Z#
..............M#.#..
.....#.........###....
.....###.##..... ..##
...## ####....## .## #..
###.## # #.. ..# ..


You could see an ice beast, Menkaure (fast) and a howler monkey skeleton.


Message History

Lugonu accepts your kill.
An iguana comes into view. 😕 HP[+2]
You regained 2 hp, and now have 77/78 hp.
Menkaure, Prince of Dust comes into view.
Menkaure shouts!
The iguana hisses angrily.
An ice beast comes into view. 😎 HP[+1]
Your hp is fully restored (78).
You see here 18 stones.
A wight and a skeleton come into view.
The howler monkey skeleton completely misses you.
You barely miss the howler monkey skeleton.
The howler monkey skeleton hits you but does no damage.
You scratch the howler monkey skeleton. You scratch the wight but do no damage.
You closely miss the wight.
The wight hits you with a +0 mace. 😕 HP[-2]
You take 2 damage, and now have 76/78 hp.
You claw the wight!
The iguana bites you but does no damage.
The wight hits you with a +0 mace. 😕 HP[-1]
You take 1 damage, and now have 75/78 hp.
You scratch the iguana. The iguana bites you.
The wight hits you with a +0 mace.
You feel drained. 😕 HP[-4]
You now have 76 max hp (-2).
You take 4 damage, and now have 71/76 hp.
You scratch the wight.
The iguana bites you but does no damage.
The wight barely misses you. 😕 HP[+1]
You scratch the wight but do no damage. The iguana completely misses you.
The wight barely misses you. 😕 HP[+1]
You claw the wight!
You destroy the wight!
Lugonu accepts your kill. The iguana bites you.
Your Dodging skill increases to level 4! 😕 HP[-2]
You now have 77 max hp (+1).
You take 2 damage, and now have 71/77 hp.
You claw the iguana! The iguana barely misses you. 😕 HP[+1]
You scratch the iguana.
The howler monkey skeleton closely misses you.
The iguana bites you! 😕 HP[-9]
You take 9 damage, and now have 63/77 hp.
You closely miss the iguana.
The howler monkey skeleton hits you but does no damage.
Menkaure calls on the powers of darkness!
Your body is wracked with pain!
* * * LOW HITPOINT WARNING * * *
The iguana bites you.
* * * LOW HITPOINT WARNING * * *
😨 HP[-35]
You take 35 damage, and now have 28/77 hp.
MASSIVE DAMAGE!! (PAUSE)
You scratch the iguana but do no damage.
The howler monkey skeleton hits you but does no damage. 😨 HP[+1]
You scratch the iguana.
You kill the iguana!
Lugonu accepts your kill. The howler monkey skeleton hits you.
* * * LOW HITPOINT WARNING * * *
Your life force feels restored. 😨 HP[-3]
You now have 78 max hp (+1).
You take 3 damage, and now have 26/78 hp.
You claw the howler monkey skeleton! The howler monkey skeleton hits you.
* * * LOW HITPOINT WARNING * * *
😨 HP[-2]
You take 2 damage, and now have 24/78 hp.
You closely miss the ice beast.
The ice beast hits you but does no damage.
Menkaure casts a spell.
Menkaure seems to speed up.
The howler monkey skeleton hits you but does no damage. 😨 HP[+1]
You claw the ice beast! The ice beast barely misses you.
Menkaure calls on the powers of darkness!
The ice beast convulses!
Your body is wracked with pain!
* * * LOW HITPOINT WARNING * * *
The howler monkey skeleton hits you.
* * * LOW HITPOINT WARNING * * *
😱 HP[-16]
You take 16 damage, and now have 9/78 hp.
MASSIVE DAMAGE!! (PAUSE) It was a potion of flight.
You feel very buoyant.
You fly up into the air.
The ice beast hits you.
* * * LOW HITPOINT WARNING * * *
The ice beast freezes you!
You die...

Skill      XL: |  1  2  3  4  5  6  7  8 |
---------------+-------------------------+-----
Dodging        | 2 3 4 |  4.0
Invocations    | 2 3 4 |  4.1
Armour         | 1 2 3 |  3.2
Fighting       | 3 4 |  4.2
Unarmed Combat | 3 4 |  4.5

Action                   |  1- 3 |  4- 6 |  7- 9 || total
-------------------------+-------+-------+-------++-------
Melee: Unarmed           |    96 |   132 |    63 ||   291
       Punch             |       |     5 |     1 ||     6
Invok: Banish            |       |     1 |       ||     1
  Use: Scroll            |     1 |     6 |       ||     7
       Potion            |       |     3 |     1 ||     4
 Stab: Sleeping          |     1 |       |       ||     1
       Invisible         |       |     1 |       ||     1
Armor: Robe              |    30 |    37 |    22 ||    89
Dodge: Dodged            |    63 |    65 |    32 ||   160

Levels and vault maps discovered:
D:1:      dpeg_arrival_simpleton_a, layout_loops_ring
D:2:      layout_loops_cross, basic_altar, fountainhead, minmay_hexomino_u4,
          uniq_natasha
D:3:      layout_basic, hellmonk_ecumenical_altar_blasted
D:4:      layout_gridville, nicolae_overflow_crystal_walls,
          nicolae_tso_carved_into_rock
D:5:      layout_cave_pools, grunt_decor_one_mirror, hangedman_decor_push,
          eino_tiny_chamber, uniq_menkaure

Notes
Turn   | Place    | Note
-------+----------+-------------------------------------------
     0 | Abyss:1  | spiderkeys the Troll Abyssal Knight began the quest for the
                  | Orb.
     0 | Abyss:1  | Reached XP level 1. HP: 22/22 MP: 1/1
     0 | Abyss:1  | magus.rc [v1.9.10]
   109 | Abyss:1  | Noticed a raiju
   120 | D:1      | You pass through the gate.
   120 | D:1      | Escaped the Abyss
   157 | D:1      | Reached skill level 2 in Dodging
   259 | D:1      | Reached XP level 2. HP: 29/29 MP: 2/2
   637 | D:1      | You pick up a book of Changes and begin reading...
   637 | D:1      | You add the spells Beastly Appendage, Wereblood, Spider
                  | Form and Ice Form to your library.
   754 | D:2      | Reached ** piety under Lugonu
   770 | D:2      | Reached skill level 2 in Invocations
   790 | D:2      | Reached XP level 3. HP: 36/36 MP: 3/3
   896 | D:2      | Noticed Natasha
   917 | D:2      | HP: 3/36 [Natasha/magic dart (9)]
   919 | D:2      | Killed Natasha
   920 | D:2      | Reached skill level 1 in Armour
   920 | D:2      | Reached XP level 4. HP: 7/44 MP: 4/4
   921 | D:2      | Gained mutation: Your mind is acute. (Int +2) [potion of
                  | mutation]
   921 | D:2      | Gained mutation: You expend magic power (3 MP) to
                  | strengthen your wands. [potion of mutation]
   921 | D:2      | Gained mutation: You possess an exceptional clarity of
                  | mind. [potion of mutation]
   921 | D:2      | Gained mutation: Your system is resistant to poisons.
                  | (rPois) [potion of mutation]
   974 | D:2      | Found a sacrificial altar of Ru.
  1299 | D:2      | Noticed Natasha
  1313 | D:2      | Killed Natasha
  1396 | D:2      | Noticed Natasha
  1407 | D:2      | Killed Natasha
  1408 | D:2      | Reached skill level 3 in Fighting
  1439 | D:3      | Reached XP level 5. HP: 53/53 MP: 5/5
  1471 | D:3      | Noticed a phantom
  1486 | D:3      | Killed a phantom
  1487 | D:3      | Reached skill level 3 in Unarmed Combat
  1533 | D:3      | Found a faded altar of an unknown god.
  1789 | D:3      | Reached *** piety under Lugonu
  1961 | D:4      | Noticed an ogre
  1969 | D:4      | Killed an ogre
  1970 | D:4      | Reached skill level 3 in Dodging
  1970 | D:4      | Reached XP level 6. HP: 34/61 MP: 7/7
  2022 | D:4      | Reached skill level 3 in Invocations
  2044 | D:4      | Reached skill level 2 in Armour
  2191 | D:4      | Found a glowing golden altar of the Shining One.
  2213 | D:4      | You fall into a shaft and drop 1 floor!
  2213 | D:5      | Entered Level 5 of the Dungeon
  2307 | D:4      | Found a hazy altar of Hepliaklqana.
  2563 | D:4      | Reached XP level 7. HP: 66/68 MP: 5/8
  2706 | D:5      | Reached skill level 4 in Unarmed Combat
  2826 | D:5      | Reached skill level 4 in Fighting
  2829 | D:5      | Reached skill level 3 in Armour
  2839 | D:5      | HP: 17/70 [poisoned by a water moccasin]
  2840 | D:5      | Reached skill level 4 in Invocations
  2840 | D:5      | Reached XP level 8. HP: 18/78 MP: 8/10
  2844 | D:5      | HP: 13/78 [poisoned by a water moccasin]
  2849 | D:5      | HP: 14/78 [poisoned by a water moccasin]
  2913 | D:5      | You pick up a book of Changes and begin reading...
  2924 | D:5      | Noticed Menkaure
  2947 | D:5      | Reached skill level 4 in Dodging
  2954 | D:5      | HP: 14/78 [??? (12)]
  2955 | D:5      | Slain by an ice beast

Vanquished Creatures
  A water moccasin (D:5)
  A necrophage (D:5)
  4 ogres
  A centaur (D:5)
  A phantom (D:3)
  A wight (D:5)
  A howler monkey (D:4)
  A hound (D:5)
  A bullfrog skeleton (D:5)
  2 iguanas (D:5)
  Natasha (thrice) (D:2)
  6 adders
  A white imp (D:5)
  An ufetubus (D:5)
  5 dart slugs
  3 worms
  5 orcs
  6 endoplasms
  A giant cockroach (D:2)
  4 goblins
  7 hobgoblins
  2 quokkas
  5 ball pythons
  7 bats
  4 frilled lizards (D:2)
  2 kobolds
  5 rats (D:2)
81 creatures vanquished.

Vanquished Creatures (collateral kills)
  A goblin (D:3)
1 creature vanquished.

Grand Total: 82 creatures vanquished

Table legend:
 A = Non-vault XP
 B = Vault XP
 C = Vault XP percentage of total XP
 D = Non-vault monster count
 E = Vault monster count
 F = Vault count percentage of total count
                 A         B        C        D         E       F
            +---------+---------+-------+---------+---------+-------
      Total |    1497 |      38 |   2.5 |      79 |       3 |   3.7
            +---------+---------+-------+---------+---------+-------
        D:1 |      25 |       0 |   0.0 |      14 |       0 |   0.0
        D:2 |     132 |      38 |  22.4 |      26 |       3 |  10.3
        D:3 |     107 |       0 |   0.0 |      10 |       0 |   0.0
        D:4 |     471 |       0 |   0.0 |      13 |       0 |   0.0
        D:5 |     762 |       0 |   0.0 |      16 |       0 |   0.0
            +---------+---------+-------+---------+---------+-------

Illustrated notes

Table legend:
 A = Kills in this place as a percentage of kills in entire the game.
 B = Kills by you in this place as a percentage of kills by you in the entire game.
 C = Kills by friends in this place as a percentage of kills by friends in the entire game.
 D = Other kills in this place as a percentage of other kills in the entire game.
 E = Experience gained in this place as a percentage of experience gained in the entire game.
 F = Experience gained in this place divided by the number of levels of this place that you have seen.
                   A       B       C       D       E      F
               +-------+-------+-------+-------+-------+----------------------
         Total | 100.0 | 100.0 | 100.0 |   N/A | 100.0 | 255.8
       Dungeon | 100.0 | 100.0 | 100.0 |   N/A | 100.0 | 307.0
               +-------+-------+-------+-------+-------+----------------------

Table legend: (Time is in decaauts)
 A = Elapsed time spent in this place.
 B = Non-inter-level travel time spent in this place.
 C = Inter-level travel time spent in this place.
 D = Time resting spent in this place.
 E = Time spent auto-exploring this place.
 F = Levels seen in this place.
 G = Mean time per level.
                   A        B        C        D        E       F      G
               +--------+--------+--------+--------+--------+-----+--------+
         Total |   2937 |   2882 |     55 |     13 |   2256 |   6 |  489.5 |
       Dungeon |   2817 |   2762 |     55 |     13 |   2147 |   5 |  563.4 |
         Abyss |    120 |    120 |      0 |      0 |    109 |   1 |  120.0 |
               +--------+--------+--------+--------+--------+-----+--------+

Top non-repeatable levels by time:
     D:2: 690 daAuts
     D:1: 617 daAuts
     D:4: 613 daAuts
     D:3: 505 daAuts
     D:5: 391 daAuts
 Abyss:1: 120 daAuts
